 Dungeon Crawl Stone Soup version 0.24.0-1-gfbc8707122 (webtiles) character file.

Game seed: 684959848252922498, levelgen mode: deterministic

1860881 Froggeryz the Axe Maniac (level 27, 185/216 HPs)
             Began as a Hill Orc Monk on Oct 27, 2019.
             Was the Champion of Okawaru.
             Escaped with the Orb
             ... and 3 runes on Oct 28, 2019!
             The game lasted 03:19:32 (58944 turns).

Froggeryz the Axe Maniac (Hill Orc Monk)           Turns: 58944, Time: 03:19:32

Health: 185/216    AC: 44    Str: 26    XL:     27
Magic:  41/41      EV: 14    Int: 20    God:    Okawaru [******]
Gold:   9755       SH:  2    Dex: 17    Spells: 41/43 levels left

rFire    + + +     SeeInvis .   Q - +9 executioner's axe (vamp)
rCold    + + .     Gourm    .   (shield currently unavailable)
rNeg     + . .     Faith    .   z - +8 orange crystal plate armour {Archmagi, Int+3 Clar}
rPois    +         Spirit   .   O - +2 helmet of Attui {Regen+ rCorr}
rElec    +         Reflect  +   X - scarf {rC+ rF+}
rCorr    +         Harm     .   B - +2 pair of gloves of Ofiptont {+Blink rC+ Dex-2 Slay+4}
MR       +++..     Clarity  +   q - +0 pair of boots of the Red Skies {rElec MR+ Str+2 Int+3}
Stlth    ..........             F - +2 amulet of reflection
HPRegen  0.86/turn              V - ring of the King {rElec rPois MR- MP+9 Dex+5}
MPRegen  0.27/turn              h - ring "Ohiar" {+Fly rPois rN+ MR+ Stlth+}

@: no status effects
A: berserk 1, clever 1, fire resistance 2, frail 2, low mp 1, no potion heal 1
0: Orb of Zot
}: 3/15 runes: barnacled, silver, gossamer
a: Heroism, Finesse, Renounce Religion, Evoke Blink, Evoke Flight


You escaped.
You worshipped Okawaru.
Okawaru was exalted by your worship.
You were very full.

You visited 11 branches of the dungeon, and saw 50 of its levels.
You visited the Abyss 1 time.
You also visited: Trove and Bailey.

You collected 9913 gold pieces.
You spent 158 gold pieces at shops.

Inventory:

Hand Weapons
 v - the +7 broad axe of the Blessed Realm {freeze, +Rage rN+++ Dex+4 Stlth-}
   (You found it on level 4 of the Shoals)

   It has been specially enchanted to freeze those struck by it, causing extra
   injury to most foes and up to half again as much damage against particularly
   susceptible opponents.
   It can also slow down cold-blooded creatures.
   It affects your dexterity (+4).
   It renders you almost immune to negative energy.
   It lets you go berserk.
   It makes you less stealthy.
 A - the +10 executioner's axe of Kippees {freeze, Dex+4}
   (Okawaru gifted it to you on level 3 of the Shoals)

   It has been specially enchanted to freeze those struck by it, causing extra
   injury to most foes and up to half again as much damage against particularly
   susceptible opponents.
   It can also slow down cold-blooded creatures.
   It affects your dexterity (+4).
 Q - a +9 vampiric executioner's axe (weapon)
Missiles
 m - 26 silver javelins (quivered)
Armour
 q - the +0 pair of boots of the Red Skies (worn) {rElec MR+ Str+2 Int+3}
   (Okawaru gifted it to you on level 2 of the Depths)

   It affects your strength (+2).
   It affects your intelligence (+3).
   It insulates you from electricity.
   It affects your resistance to hostile enchantments.
 u - +4 storm dragon scales {Bai Suzhen}
 z - the +8 orange crystal plate armour (worn) {Archmagi, Int+3 Clar}
   (You took it off a spriggan on level 2 of the Depths)

   It affects your intelligence (+3).
   It protects you against confusion.
 B - the +2 pair of gloves of Ofiptont (worn) {+Blink rC+ Dex-2 Slay+4}
   (You found it on level 5 of the Dungeon)

   It affects your dexterity (-2).
   It affects your accuracy and damage with ranged weapons and melee attacks
   (+4).
   It protects you from cold.
   It lets you blink.
 O - the +2 helmet of Attui (worn) {Regen+ rCorr}
   (Okawaru gifted it to you on level 9 of the Dungeon)

   It increases your rate of regeneration.
   It provides partial protection from all sources of acid and corrosion.
 X - a scarf of resistance (worn)
Jewellery
 d - an uncursed ring of see invisible
 h - the ring "Ohiar" (right hand) {+Fly rPois rN+ MR+ Stlth+}
   (You found it in a treasure trove)

   [ring of positive energy]

   It protects you from poison.
   It protects you from negative energy.
   It affects your resistance to hostile enchantments.
   It lets you fly.
   It makes you more stealthy.
 i - a +5 ring of protection
 C - the ring of Vutseiro {rN+ rCorr Dex+3}
   (You found it in a treasure trove)

   [ring of resist corrosion]

   It affects your dexterity (+3).
   It protects you from negative energy.
   It provides partial protection from all sources of acid and corrosion.
 F - a +2 amulet of reflection (around neck)
 H - the ring "Kumumil" {rN+ Int+4 Dex+5 Slay+3}
   (You found it in a treasure trove)

   [ring of positive energy]

   It affects your intelligence (+4).
   It affects your dexterity (+5).
   It affects your accuracy and damage with ranged weapons and melee attacks
   (+3).
   It protects you from negative energy.
 V - the ring of the King (left hand) {rElec rPois MR- MP+9 Dex+5}
   (You found it in a treasure trove)

   [ring of magical power]

   It affects your dexterity (+5).
   It insulates you from electricity.
   It protects you from poison.
   It affects your resistance to hostile enchantments.
   It affects your magic capacity (+9).
 W - the ring of Maagoex {rPois rF++ MR+}
   (You took it off a tengu conjurer on level 3 of the Depths)

   [ring of protection from magic]

   It greatly protects you from fire.
   It protects you from poison.
   It affects your resistance to hostile enchantments.
Wands
 a - a wand of polymorph (17)
 b - a wand of iceblast (8)
 r - a wand of digging (10)
 s - a wand of paralysis (4)
 D - a wand of scattershot (4)
 L - a wand of enslavement (4)
 S - a wand of acid (24)
 Y - a wand of disintegration (20)
Scrolls
 e - 20 scrolls of remove curse
 g - 12 scrolls of magic mapping
 k - 3 scrolls of enchant weapon
 l - 12 scrolls of teleportation
 o - a scroll of silence
 x - 3 scrolls of enchant armour
 E - 4 scrolls of fear
 I - 2 scrolls of brand weapon
 J - 3 scrolls of fog
 N - 11 scrolls of identify
 P - 2 scrolls of summoning
 R - a scroll of blinking
 Z - a scroll of holy word
Potions
 f - a potion of might
 j - 5 potions of curing
 n - 6 potions of haste
 t - 4 potions of berserk rage
 w - 11 potions of flight
 G - a potion of agility
 T - a potion of cancellation
Miscellaneous
 p - a lightning rod (4/4)
 y - a lamp of fire
 K - 3 phantom mirrors
 M - the horn of Geryon
 U - a fan of gales
Comestibles
 c - 77 rations


   Skills:
 + Level 26.7 Fighting
 O Level 27 Axes
 - Level 1.0 Throwing
 - Level 20.5 Armour
 - Level 14.0 Dodging
 - Level 2.2 Stealth
 + Level 8.8 Spellcasting
   Level 7.4 Charms
 + Level 10.7 Translocations
 - Level 18.0 Invocations
 + Level 17.6 Evocations


You had 41 spell levels left.
You knew the following spells:

 Your Spells              Type           Power        Failure   Level  Hunger
a - Blink                 Tloc           N/A          1%          2    None

Your spell library contained the following spells:

 Spells                   Type           Power        Failure   Level  Hunger
 Apportation              Tloc           ######       1%          1    None
 Shroud of Golubria       Chrm/Tloc      ######       3%          2    None
 Gell's Gravitas          Tloc           ######....   3%          3    None
 Lesser Beckoning         Tloc           ######....   3%          3    None
 Teleport Other           Tloc           ######..     3%          3    None
 Portal Projectile        Hex/Tloc       #####.       32%         3    None
 Recall                   Summ/Tloc      N/A          32%         3    None
 Animate Skeleton         Necr           N/A          71%         1    None
 Confusing Touch          Hex            ##....       71%         1    None
 Flame Tongue             Conj/Fire      ##...        71%         1    None
 Magic Dart               Conj           ##..         71%         1    None
 Summon Small Mammal      Summ           ##..         71%         1    None
 Force Lance              Conj/Tloc      #####...     73%         4    ###....
 Ensorcelled Hibernation  Hex/Ice        ##....       83%         2    None
 Poisonous Vapours        Pois/Air       ##....       83%         2    None
 Searing Ray              Conj           ##....       83%         2    None
 Sublimation of Blood     Necr           ##........   83%         2    None
 Throw Flame              Conj/Fire      ##....       83%         2    None
 Throw Frost              Conj/Ice       ##....       83%         2    None
 Confuse                  Hex            ##......     97%         3    None
 Conjure Flame            Conj/Fire      ##......     97%         3    None
 Dazzling Spray           Conj/Hex       ##....       97%         3    None
 Inner Flame              Hex/Fire       ##......     97%         3    None
 Animate Dead             Necr           N/A          100%        4    ###....
 Fulminant Prism          Conj/Hex       ##........   100%        4    ###....
 Iskenderun's Mystic Bla  Conj           ##......     100%        4    ###....
 Leda's Liquefaction      Hex/Erth       ##........   100%        4    ###....
 Petrify                  Tmut/Erth      ##......     100%        4    ###....
 Sticky Flame             Conj/Fire      ##......     100%        4    ###....
 Throw Icicle             Conj/Ice       ##......     100%        4    ###....
 Bolt of Draining         Conj/Necr      ##........   100%        5    #####..
 Bolt of Magma            Conj/Fire/Erth ##........   100%        5    #####..
 Borgnjor's Vile Clutch   Necr/Erth      ##........   100%        5    #####..
 Fireball                 Conj/Fire      ##........   100%        5    #####..
 Metabolic Englaciation   Hex/Ice        ##........   100%        5    #####..
 Silence                  Hex/Air        ##........   100%        5    #####..
 Yara's Violent Unravell  Hex/Tmut       ##........   100%        5    #####..
 Darkness                 Hex            ##........   100%        6    ######.
 Death Channel            Necr           ##........   100%        6    ######.
 Iron Shot                Conj/Erth      ##........   100%        6    ######.
 Shadow Creatures         Summ           N/A          100%        6    ######.
 Simulacrum               Ice/Necr       ##........   100%        6    ######.
 Statue Form              Tmut/Erth      ##.......    100%        6    ######.
 Discord                  Hex            ##........   100%        8    #######
 Shatter                  Erth           ##........   100%        9    #######
 Passage of Golubria      Tloc           Unusable     N/A         4    N/A

Dungeon Overview and Level Annotations

Branches:
Dungeon (15/15)            Temple (1/1) D:4            Lair (5/6) D:8
 Shoals (4/4) Lair:3       Spider (4/4) Lair:2          Orc (2/2) D:10
    Elf (3/3) Orc:2        Vaults (5/5) D:14          Crypt (0/3) Vaults:2
 Depths (5/5) D:15           Hell (visited)             Dis (0/7) Hell
    Geh (0/7) Hell            Coc (0/7) Hell            Tar (0/7) Hell
    Zot (5/5) Depths:5     Bailey (visited)
  Slime: Lair:5-6

Altars:
Ashenzari
Cheibriados
Dithmenos
Elyvilon
Fedhas
Gozag
Hepliaklqana
Kikubaaqudgha
Makhleb
Nemelex Xobeh
Okawaru
Qazlal
Ru
Sif Muna
Trog
Uskayaw
Vehumet
Wu Jian
Xom
Yredelemnul
Zin
The Shining One
Beogh

Shops:
D:4 [   D:11 *   D:15 (   Orc:2 ((:?   Vaults:3 [   Depths:2 %   Depths:4 }=}

Portals:
Hell: Depths:1 Depths:2 Depths:3 Depths:4 Depths:5
Abyss: Depths:4
Pandemonium: Depths:2 Depths:3 Depths:4
Ziggurat: Depths:1

Annotations:
Depths:4 1 transporter


Innate Abilities, Weirdness & Mutations

You tend to lose your temper in combat.
Your mind is acute. (Int +2)
Your flesh is very heat resistant. (rF++)
You are very frail. (-20% HP)
Your magical capacity is low. (-10% MP)
Potions are less effective at restoring your health.


Message History

The demonic crawler barely misses you.
The demonic crawler hits you but does no damage.
The demonic crawler barely misses you.
A hellion comes into view.
You chop the demonic crawler into pieces!!!
You kill the demonic crawler!
Okawaru accepts your kill. The hellion barely misses you.
You open the hellion like a pillowcase!!!
The hellion is almost dead.
The hellion gestures at you.
The sphere of damnation explodes!
The damnation engulfs you!!
The damnation engulfs the hellion.
The hellion completely resists.
You open the hellion like a pillowcase!!!
You kill the hellion!
Okawaru accepts your kill.
No target in view!
No target in view!
There is a staircase leading out of the dungeon here.
You have escaped!

########
#>#.##@#
####
##..†.##
...# #.....#
...#
##....##
(†.#
#....#.#
..(#
#.....#####
...#
###...##..#
...#
#....###..#
...###
#.....##..##


There were no monsters in sight!

Vanquished Creatures
  8 ancient liches (Zot:5)
  4 orbs of fire
  Mara (Vaults:3)
  A pandemonium lord (D:15)
  A juggernaut (Depths:5)
  Sojobo (Depths:5)
  Xtahua (Vaults:2)
  5 Killer Klowns
  Bai Suzhen (Spider:2)
  2 curse toes
  11 golden dragons
  Geryon (Hell)
  Arachne (Spider:3)
  2 electric golems (Zot:5)
  18 tentacled monstrosities
  4 liches
  25 Orb Guardians (Zot:5)
  6 quicksilver dragons
  7 titans
  Gastronok (Lair:2)
  6 sphinxes
  8 death cobs
  3 krakens
  An Executioner (D:9)
  14 shadow dragons
  13 tengu reavers
  20 storm dragons
  Kirke (Elf:1)
  2 draconian monks
  Ilsuiw (Shoals:2)
  Roxanne (Shoals:2)
  5 fire giants
  3 draconian knights
  8 frost giants
  The ghost of Glennnyy the Warrior, an adept GrFi of Fedhas (Shoals:3)
  Aizul (Elf:1)
  10 ghost moths
  16 vault wardens
  2 draconian scorchers
  2 iron dragons
  3 emperor scorpions
  2 deep elf elementalists
  A balrug (Hell)
  3 orc warlords (Orc:2)
  4 draconian shifters
  A spriggan defender (Depths:3)
  4 draconian annihilators
  14 ironheart preservers
  19 stone giants
  3 reapers
  2 draconian stormcallers
  3 war gargoyles
  21 very ugly things
  2 vampire knights
  The ghost of Wartorn the Fighter, a journeyman VSBe of Trog (Shoals:1)
  11 green draconians
  2 entropy weavers (Spider:2)
  4 deep elf demonologists
  8 black draconians
  Nessos (D:14)
  16 spark wasps
  8 purple draconians
  2 deep elf annihilators
  2 dire elephants (Depths:2)
  2 lorocyprocas (Hell)
  7 white draconians
  7 yellow draconians
  3 merfolk javelineers
  7 red draconians
  4 deep elf death magi
  2 blizzard demons (Hell)
  The ghost of Motwaexy the Fighter, a journeyman OgWz of Vehumet (D:11)
  9 fire dragons
  9 great orbs of eyes
  9 ettins
  The ghost of Zaque the Cleaver, a journeyman MiBe of Trog (D:11)
  8 merfolk impalers
  Harold (D:8)
  4 rakshasas
  Fannar (D:11)
  2 deep elf high priests (Vaults:5)
  3 ice dragons
  The ghost of Suk Xiy the Grappler, a journeyman DrTm of Yredelemnul (Lair:2)
  19 yaktaur captains
  A hell beast (Depths:4)
  7 hydras
  33 vault guards
  4 spriggan air magi
  A catoblepas (shapeshifter) (Vaults:4)
  13 centaur warriors
  5 merfolk avatars
  4 merfolk aquamancers
  51 two-headed ogres
  6 death knights
  12 deep troll shamans
  8 dancing weapons
  3 satyrs
  12 ogre magi
  5 orc high priests
  11 tengu warriors
  Urug (D:14)
  12 deep troll earth magi
  2 vampire magi
  2 hell hogs (Hell)
  3 spriggan berserkers
  4 soul eaters
  A titan zombie (Depths:4)
  5 deep elf knights
  6 sun demons
  10 skeletal warriors
  2 shadow wraiths
  16 hell knights
  An unseen horror (shapeshifter) (Vaults:1)
  4 iron trolls
  A titan skeleton (Depths:4)
  A salamander mystic (Depths:3)
  A glowing orange brain (shapeshifter) (Elf:2)
  14 sea snakes
  11 wizards
  A quicksilver dragon simulacrum (Depths:4)
  An anaconda zombie (Hell)
  2 golden dragon zombies (Depths:4)
  27 deep trolls
  6 unseen horrors
  2 flayed ghosts
  A glowing orange brain (Depths:2)
  A shadow demon (Depths:3)
  17 ironbrand convokers
  Pikel (D:4)
  12 deep elf archers
  2 harpies (shapeshifter)
  8 necromancers
  36 wolf spiders
  7 phantasmal warriors
  6 large abominations
  15 orc knights
  25 orb spiders
  3 salamanders (Depths:3)
  10 harpies
  35 deep elf magi
  4 cyclopes
  17 manticores
  A sphinx zombie (Depths:1)
  8 orc sorcerers
  A wolf spider (shapeshifter) (D:13)
  11 fauns
  47 ugly things
  26 moths of wrath
  A tengu skeleton (Vaults:3)
  5 elephants
  7 water nymphs
  4 rust devils
  4 centaur zombies
  14 merfolk sirens
  A guardian serpent (D:13)
  2 smoke demons (Hell)
  A fire giant skeleton (Depths:4)
  5 black mambas
  18 vault sentinels
  Joseph (D:7)
  2 torpor snails
  A gargoyle (D:13)
  A guardian serpent (shapeshifter) (Vaults:1)
  A torpor snail (shapeshifter) (Depths:4)
  An orange demon (Depths:3)
  A kobold demonologist (D:11)
  An ice statue (Hell)
  A rime drake (shapeshifter) (Vaults:3)
  A yaktaur zombie (Vaults:3)
  2 elf skeletons (Depths:4)
  10 spiny frogs
  2 yaktaurs (shapeshifter)
  3 hellions
  45 yaktaurs
  3 komodo dragons
  13 demonic crawlers
  8 centaur skeletons
  8 freezing wraiths
  2 rime drakes (Lair:2)
  3 ice devils
  4 red devils
  A golden dragon simulacrum (Depths:4)
  2 tengu conjurers
  An anaconda simulacrum (Hell)
  A hydra zombie (Hell)
  A meliai (shapeshifter) (Vaults:2)
  A merfolk (shapeshifter) (Depths:3)
  32 merfolk
  4 wind drakes
  48 jumping spiders
  20 hornets
  A polar bear (Lair:2)
  5 trolls
  A hydra skeleton (Hell)
  3 blink frogs (Lair:4)
  A tengu simulacrum (Depths:4)
  10 hippogriffs
  11 snapping turtles
  An ice dragon zombie (Depths:1)
  27 slime creatures
  A fire giant simulacrum (Vaults:1)
  An ettin skeleton (Vaults:3)
  An air elemental (Elf:2)
  A shadow (D:15)
  2 redbacks (shapeshifter)
  99 redbacks
  6 spriggans
  A spriggan simulacrum (Depths:4)
  A yak (shapeshifter) (Vaults:1)
  39 tarantellas
  2 ynoxinuls
  11 water elementals
  3 wraiths
  A deep troll skeleton (Depths:1)
  5 fire elementals
  A human (shapeshifter) (Vaults:2)
  Grum (D:8)
  3 hogs (Elf:1)
  A chaos spawn (D:15)
  16 yaks
  16 humans (D:14)
  A golden eye (shapeshifter) (Vaults:1)
  3 basilisks
  7 hungry ghosts
  2 neqoxecs
  A yaktaur simulacrum (Vaults:1)
  6 vampire mosquitoes
  A two-headed ogre zombie (D:10)
  5 wargs
  A soldier ant (shapeshifter) (Vaults:3)
  2 deep troll zombies
  A naga (shapeshifter) (Vaults:1)
  3 acid dragons
  10 water moccasins
  5 hell hounds (Hell)
  8 porcupines
  A floating eye (Depths:3)
  4 slaves (D:3)
  A spiny frog skeleton (Hell)
  54 orc warriors
  An ice beast (D:11)
  2 sky beasts
  39 ogres
  3 black bears
  A black bear (shapeshifter) (Vaults:3)
  8 boggarts
  2 wolves (D:8)
  2 phantoms
  11 crocodiles
  27 centaurs
  4 big kobolds
  17 bullfrogs
  An earth elemental (Elf:2)
  A wyvern zombie (D:15)
  A wyvern skeleton (D:14)
  A deep troll simulacrum (Vaults:3)
  A water moccasin zombie (D:8)
  4 scorpions
  A troll zombie (D:10)
  6 howler monkeys
  3 wights (D:14)
  8 electric eels
  3 crimson imps
  3 jellies
  10 hounds
  34 orc priests
  5 bullfrog skeletons
  8 iguanas
  23 orc wizards
  7 hell rats (Hell)
  13 worker ants
  7 small abominations (Depths:2)
  6 ogre zombies (D:10)
  2 hound zombies
  A hound skeleton (D:5)
  4 gnolls
  A howler monkey skeleton (D:6)
  12 adders
  3 shadow imps
  A worm (shapeshifter) (Depths:2)
  4 worms
  3 dart slugs
  A leopard gecko (D:4)
  137 orcs
  3 bats (D:2)
  5 giant cockroaches
  5 goblins
  8 hobgoblins
  8 jackals
  A quokka (D:5)
  A ball python (D:4)
  4 frilled lizards
  2 goblin skeletons (D:10)
  2 goblin zombies (D:10)
  2 hobgoblin skeletons (D:10)
  4 hobgoblin zombies (D:10)
  13 kobolds
  A leopard gecko zombie (D:8)
  An orc skeleton (D:10)
  14 orc zombies (D:10)
  3 quokka skeletons
  6 rats
  2 crawling corpses (Vaults:5)
  2 fungi (Lair:2)
  5 plants (Shoals:4)
  11 tentacles
2272 creatures vanquished.

Vanquished Creatures (collateral kills)
  An ice statue (Hell)
  An anaconda simulacrum (Hell)
  A hydra zombie (Hell)
3 creatures vanquished.

Vanquished Creatures (others)
  A titan (Depths:5)
  A fire giant (Depths:2)
  A deep elf annihilator (Vaults:5)
  A red draconian (Zot:3)
  A kraken zombie (Hell)
  An ogre mage (Vaults:5)
  A vampire mage (Depths:1)
  A yaktaur (Depths:5)
  A hog (Elf:1)
  A centaur (Vaults:2)
  An orc priest (Orc:2)
  An orc wizard (D:5)
  11 fungi
  6 plants
  27 tentacles
  2 withered plants
58 creatures vanquished.

Grand Total: 2333 creatures vanquished

Notes
Turn   | Place    | Note
-------+----------+-------------------------------------------
     0 | D:1      | Froggeryz the Hill Orc Monk began the quest for the Orb.
     0 | D:1      | Reached XP level 1. HP: 19/19 MP: 1/1
   119 | D:1      | Reached XP level 2. HP: 20/26 MP: 2/2
   579 | D:1      | Reached skill level 5 in Axes
   769 | D:2      | Reached XP level 3. HP: 31/31 MP: 3/3
  1584 | D:2      | Found a glowing golden altar of the Shining One.
  1651 | D:2      | Reached XP level 4. HP: 38/39 MP: 4/4
  2006 | D:2      | Found an opulent altar of Gozag.
  2164 | D:3      | Reached skill level 1 in Armour
  2180 | D:3      | Reached skill level 6 in Axes
  2317 | D:3      | Reached XP level 5. HP: 17/45 MP: 5/5
  3042 | D:4      | Reached skill level 7 in Axes
  3239 | D:4      | Noticed a slave
  3240 | D:4      | Noticed Pikel
  3241 | D:4      | Noticed a slave
  3242 | D:4      | Noticed a slave
  3242 | D:4      | Noticed a slave
  3291 | D:3      | Killed a slave
  3371 | D:3      | Killed a slave
  3382 | D:3      | Killed a slave
  3606 | D:3      | Killed a slave
  3758 | D:4      | Killed Pikel
  3758 | D:4      | Reached skill level 9 in Axes
  3758 | D:4      | Reached XP level 6. HP: 31/51 MP: 6/6
  3758 | D:4      | Reached XP level 7. HP: 34/57 MP: 7/7
  4104 | D:4      | Reached skill level 10 in Axes
  4156 | D:4      | You fall into a shaft and drop 2 floors!
  4203 | D:6      | Reached XP level 8. HP: 64/64 MP: 8/8
  4262 | D:5      | Entered Level 5 of the Dungeon
  4368 | D:4      | Found a staircase to the Ecumenical Temple.
  4374 | Temple   | Entered the Ecumenical Temple
  4536 | Temple   | Became a worshipper of Warmaster Okawaru
  4536 | Temple   | Reached * piety under Okawaru
  4536 | Temple   | Reached ** piety under Okawaru
  4744 | D:4      | Found Zenwejik's Antique Armour Boutique.
  5050 | D:5      | Reached skill level 11 in Axes
  5254 | D:5      | Reached skill level 12 in Axes
  5320 | D:5      | Got a pair of blackened gloves
  5321 | D:5      | Identified the +2 pair of gloves of Ofiptont {+Blink rC+
                  | Dex-2 Slay+4} (You found it on level 5 of the Dungeon)
  5348 | D:5      | Found a glowing silver altar of Zin.
  5589 | D:5      | Reached skill level 13 in Axes
  5738 | D:5      | Reached XP level 9. HP: 70/70 MP: 9/9
  6022 | D:6      | Found a blossoming altar of Fedhas.
  6054 | D:6      | Reached *** piety under Okawaru
  6502 | D:6      | Reached skill level 14 in Axes
  6815 | D:7      | Found a flagged portal.
  6824 | Bailey   | Entered a bailey
  7267 | Bailey   | Noticed an orc knight
  7375 | D:7      | Reached skill level 15 in Axes
  7454 | D:7      | Noticed Joseph
  7566 | D:7      | Killed Joseph
  7613 | D:7      | Reached **** piety under Okawaru
  8093 | D:7      | Reached skill level 16 in Axes
  8202 | D:7      | Reached XP level 10. HP: 68/77 MP: 10/10
  8776 | D:8      | Reached skill level 1 in Spellcasting
  8847 | D:8      | Found a staircase to the Lair.
  8847 | D:8      | Noticed an elephant
  8886 | D:8      | Killed an elephant
  8886 | D:8      | Reached ***** piety under Okawaru
  9059 | D:8      | Noticed a two-headed ogre
  9154 | D:8      | Killed a two-headed ogre
  9154 | D:8      | Reached skill level 17 in Axes
  9172 | D:8      | Noticed Grum
  9201 | D:8      | Killed Grum
  9576 | D:8      | Found a shadowy altar of Dithmenos.
  9610 | D:8      | Noticed Harold
  9635 | D:8      | Killed Harold
 10305 | D:9      | Received a gift from Okawaru
 10306 | D:9      | Got a steaming helmet {god gift}
 10307 | D:9      | Identified the +2 helmet of Attui {Regen+ rCorr} (Okawaru
                  | gifted it to you on level 9 of the Dungeon)
 10370 | Lair:1   | Entered Level 1 of the Lair of Beasts
 10394 | Lair:1   | Reached XP level 11. HP: 82/82 MP: 16/16
 10399 | Lair:1   | Reached skill level 18 in Axes
 10650 | Lair:1   | Reached skill level 5 in Fighting
 10915 | Lair:1   | Reached skill level 1 in Throwing
 11563 | Lair:2   | Reached skill level 5 in Armour
 12055 | Lair:2   | Found a large runed translucent door.
 12055 | Lair:2   | Found a large runed translucent door.
 12089 | Lair:2   | Noticed Suk Xiy's ghost (journeyman DrTm)
 12215 | Lair:2   | Received a gift from Okawaru
 12216 | Lair:2   | Got a fine helmet {god gift}
 12217 | Lair:2   | Identified the +0 helmet of Naefen {MR+} (Okawaru gifted it
                  | to you on level 2 of the Lair of Beasts)
 12242 | Lair:2   | Paralysed by a hornet for 3 turns
 12459 | Lair:2   | Found a hole to the Spider Nest.
 12480 | Lair:2   | Noticed Gastronok
 12558 | Lair:2   | Reached ****** piety under Okawaru
 12558 | Lair:2   | Reached skill level 10 in Fighting
 12563 | Lair:2   | Killed Gastronok
 12563 | Lair:2   | Reached XP level 12. HP: 90/110 MP: 17/17
 12671 | Lair:2   | Reached XP level 13. HP: 116/116 MP: 18/18
 12885 | Lair:3   | Gained mutation: You have very sharp teeth. [potion of
                  | mutation]
 12885 | Lair:3   | Gained mutation: You tend to lose your temper in combat.
                  | [potion of mutation]
 12885 | Lair:3   | Gained mutation: Your mind is acute. (Int +2) [potion of
                  | mutation]
 13817 | Lair:3   | Found a staircase to the Shoals.
 14599 | Lair:4   | Received a gift from Okawaru
 14604 | Lair:4   | Got a faintly glowing robe {god gift}
 15620 | Lair:2   | Killed Suk Xiy's ghost
 15723 | D:10     | Entered Level 10 of the Dungeon
 15731 | D:10     | Found a glowing silver altar of Zin.
 15765 | D:10     | Found a staircase to the Orcish Mines.
 15815 | Orc:1    | Entered Level 1 of the Orcish Mines
 15850 | Orc:2    | Entered Level 2 of the Orcish Mines
 15932 | Orc:1    | Noticed an ettin
 15938 | Orc:1    | Killed an ettin
 15938 | Orc:1    | Reached skill level 10 in Armour
 16611 | Orc:2    | Reached XP level 14. HP: 111/129 MP: 19/19
 16756 | Orc:2    | Reached skill level 19 in Axes
 16791 | Orc:2    | Noticed an orc warlord
 16809 | Orc:2    | Killed an orc warlord
 16988 | Orc:2    | Found Riguy's Book Shop.
 17109 | Orc:2    | Noticed an orc warlord
 17128 | Orc:2    | Received a gift from Okawaru
 17426 | Orc:2    | Found Qyecliz's Weapon Emporium.
 17451 | Orc:2    | Found a roughly hewn altar of Beogh.
 17488 | Orc:2    | Paralysed by an orc sorcerer for 4 turns
 17573 | Orc:2    | Noticed an orc warlord
 17585 | Orc:2    | Killed an orc warlord
 17585 | Orc:2    | Reached skill level 20 in Axes
 17629 | Orc:2    | Found Yntolloph's Antique Weapon Shoppe.
 17922 | Orc:2    | Identified the Incunabulum of Lethal Hexes
 18115 | Orc:2    | Found a staircase to the Elven Halls.
 18120 | Elf:1    | Entered Level 1 of the Elven Halls
 18618 | Elf:1    | Noticed Aizul
 18731 | Elf:1    | Noticed Kirke
 18756 | Elf:1    | Killed Kirke
 18859 | Elf:2    | Reached skill level 21 in Axes
 19046 | Elf:1    | Reached XP level 15. HP: 135/135 MP: 18/20
 19112 | Elf:1    | Killed Aizul
 19291 | Elf:2    | Received a gift from Okawaru
 19457 | Elf:2    | Cast into level 3 of the Abyss (a deep elf demonologist)
 19491 | Abyss:3  | Noticed a bone dragon
 19512 | Elf:2    | Escaped the Abyss
 19758 | Elf:2    | Reached skill level 22 in Axes
 20062 | Elf:3    | Entered Level 3 of the Elven Halls
 20317 | Orc:2    | Killed an orc warlord
 20398 | Orc:2    | Found a roughly hewn altar of Beogh.
 20511 | Orc:2    | Found Ysew's Magic Scroll Boutique.
 20543 | Orc:2    | Bought a scroll of fog for 34 gold pieces
 20543 | Orc:2    | Bought a scroll of fear for 59 gold pieces
 20964 | D:10     | Reached skill level 1 in Evocations
 21004 | D:10     | HP: 6/135 [electric eel/bolt of electricity (5)]
 21004 | D:10     | HP: 1/135 [electric eel/bolt of electricity (5)]
 21569 | D:11     | Noticed Fannar
 21573 | D:11     | Received a gift from Okawaru
 21582 | D:11     | Killed Fannar
 21708 | D:11     | Found Runun's General Store.
 21724 | D:11     | Bought a potion of heal wounds for 65 gold pieces
 21759 | D:11     | Found a portal to a secret trove of treasure.
 21787 | D:11     | Reached XP level 16. HP: 143/143 MP: 21/21
 21859 | D:11     | Found a runed translucent gate.
 21859 | D:11     | Found a runed translucent gate.
 21859 | D:11     | Found a runed translucent gate.
 21860 | D:11     | Noticed Motwaexy's ghost (journeyman OgWz)
 21861 | D:11     | Noticed Zaque's ghost (journeyman MiBe)
 21879 | D:11     | Killed Motwaexy's ghost
 21883 | D:11     | Killed Zaque's ghost
 22159 | D:12     | Reached skill level 23 in Axes
 22915 | D:13     | Reached XP level 17. HP: 144/150 MP: 20/22
 23225 | D:14     | Found a gate to the Vaults.
 23225 | D:14     | Noticed Urug
 23225 | D:14     | Noticed Nessos
 23237 | D:14     | Received a gift from Okawaru
 23741 | D:14     | Killed Urug
 24106 | D:14     | Killed Nessos
 24324 | D:15     | Entered Level 15 of the Dungeon
 24347 | D:14     | Reached skill level 24 in Axes
 24668 | D:15     | Found Xigh's Antique Weapon Shop.
 25596 | D:15     | Received a gift from Okawaru
 25636 | D:15     | Identified a scroll of acquirement
 25661 | D:15     | Found a staircase to the Depths.
 25947 | Spider:1 | Entered Level 1 of the Spider Nest
 26098 | Spider:1 | Reached skill level 15 in Fighting
 26107 | Spider:1 | Reached skill level 25 in Axes
 26429 | Spider:1 | Reached XP level 18. HP: 163/163 MP: 23/23
 26608 | Spider:1 | Learned a level 2 spell: Blink
 26811 | Spider:1 | Reached skill level 1 in Translocations
 27144 | Spider:1 | Received a gift from Okawaru
 28900 | Spider:3 | Noticed Bai Suzhen
 28918 | Spider:2 | Killed Bai Suzhen
 29068 | Spider:3 | Received a gift from Okawaru
 29180 | Spider:3 | Reached skill level 5 in Translocations
 29265 | Spider:3 | Identified the +3 flail of Stickiness {drain, +Inv rElec
                  | rF++}
 29809 | Spider:3 | Noticed Arachne
 29819 | Spider:4 | Entered Level 4 of the Spider Nest
 29859 | Spider:3 | HP: 7/166 [torpor snail (13)]
 30229 | Shoals:1 | Entered Level 1 of the Shoals
 30426 | Shoals:1 | Found a runed translucent door.
 30428 | Shoals:1 | Noticed Wartorn's ghost (journeyman VSBe)
 30473 | Shoals:1 | Killed Wartorn's ghost
 30796 | Shoals:1 | Reached skill level 26 in Axes
 31440 | Shoals:2 | Noticed Roxanne
 31487 | Shoals:2 | Reached XP level 19. HP: 155/174 MP: 24/24
 31568 | Shoals:2 | Killed Roxanne
 31962 | Shoals:2 | Noticed Ilsuiw
 32016 | Shoals:2 | Killed Ilsuiw
 32033 | Shoals:2 | Received a gift from Okawaru
 32624 | Shoals:3 | Found a runed translucent door.
 32624 | Shoals:3 | Noticed Glennnyy's ghost (adept GrFi)
 32625 | Shoals:3 | Found the +9 sword of Zonguldrok {reap}
 32834 | Shoals:3 | Killed Glennnyy's ghost
 32999 | Shoals:3 | Lost mutation: Your mind is acute. (Int +2) [potion of
                  | mutation]
 32999 | Shoals:3 | Lost mutation: You tend to lose your temper in combat.
                  | [potion of mutation]
 32999 | Shoals:3 | Gained mutation: You evolve. [potion of mutation]
 32999 | Shoals:3 | Gained mutation: Your flesh is cold resistant. (rC+)
                  | [potion of mutation]
 33164 | Shoals:3 | Received a gift from Okawaru
 33165 | Shoals:3 | Got a polished executioner's axe {god gift}
 33188 | Shoals:3 | Gained mutation: Your system is resistant to poisons.
                  | (rPois) [evolution]
 33188 | Shoals:3 | Lost mutation: You evolve. [end of evolution]
 33875 | Shoals:3 | Reached skill level 5 in Spellcasting
 34034 | Shoals:4 | Entered Level 4 of the Shoals
 34439 | Shoals:4 | Identified the +10 executioner's axe of Kippees {freeze,
                  | Dex+4} (Okawaru gifted it to you on level 3 of the Shoals)
 34613 | Shoals:4 | Got a barnacled rune of Zot
 34814 | Shoals:4 | Received a gift from Okawaru
 34815 | Shoals:4 | Got an ivory executioner's axe {god gift}
 34817 | Shoals:4 | Identified the +7 executioner's axe of Accord {chop, Str+2
                  | Dex+3 Stlth-} (Okawaru gifted it to you on level 4 of the
                  | Shoals)
 35262 | Shoals:4 | Got a twisted broad axe
 35263 | Shoals:4 | Identified the +7 broad axe of the Blessed Realm {freeze,
                  | +Rage rN+++ Dex+4 Stlth-} (You found it on level 4 of the
                  | Shoals)
 36061 | Spider:3 | Killed Arachne
 36061 | Spider:3 | Reached skill level 15 in Armour
 36272 | Spider:4 | Reached XP level 20. HP: 179/187 MP: 0/27
 36486 | Spider:4 | Reached skill level 5 in Dodging
 36857 | Spider:4 | Received a gift from Okawaru
 37185 | Spider:4 | Got a gossamer rune of Zot
 37687 | Vaults:1 | Entered Level 1 of the Vaults
 38076 | Vaults:1 | Received a gift from Okawaru
 38181 | Vaults:1 | Received a gift from Okawaru
 38354 | Vaults:1 | Reached XP level 21. HP: 186/194 MP: 28/28
 38496 | Vaults:1 | Reached skill level 10 in Dodging
 39293 | Vaults:2 | You fall into a shaft and drop 2 floors!
 39498 | Vaults:4 | Received a gift from Okawaru
 39621 | Vaults:4 | Found a magical portal.
 39812 | Vaults:3 | Noticed Mara
 40078 | Vaults:2 | Received a gift from Okawaru
 40079 | Vaults:2 | Got a distressingly furry crystal plate armour {god gift}
 40080 | Vaults:2 | Identified the +0 crystal plate armour of Ludghew {rPois
                  | rN++ Str-3 Int+4} (Okawaru gifted it to you on level 2 of
                  | the Vaults)
 40310 | D:11     | You paid a toll of +2 gold dragon scales to enter a
                  | treasure trove
 40311 | Trove    | Entered a treasure trove
 40322 | Trove    | Got a steaming bronze ring
 40323 | Trove    | Identified the ring "Kumumil" {rN+ Int+4 Dex+5 Slay+3} (You
                  | found it in a treasure trove)
 40327 | Trove    | Got a fine iron ring
 40354 | Trove    | Got a pitted pewter ring
 40355 | Trove    | Identified the ring of the King {rElec rPois MR- MP+9
                  | Dex+5} (You found it in a treasure trove)
 40371 | Trove    | Got a shimmering bronze amulet
 40377 | Trove    | Got a crude platinum ring
 40379 | Trove    | Identified the ring "Ohiar" {+Fly rPois rN+ MR+ Stlth+}
                  | (You found it in a treasure trove)
 40381 | Trove    | Identified the ring of Vutseiro {rN+ rCorr Dex+3} (You
                  | found it in a treasure trove)
 40555 | Vaults:2 | Noticed Xtahua
 40565 | Vaults:2 | Killed Xtahua
 40570 | Vaults:2 | Gained mutation: Armour fits poorly on your strangely
                  | shaped body. [a neqoxec]
 40914 | Shoals:3 | Lost mutation: Your flesh is cold resistant. (rC+) [potion
                  | of mutation]
 40914 | Shoals:3 | Lost mutation: You have very sharp teeth. [potion of
                  | mutation]
 40914 | Shoals:3 | Lost mutation: Armour fits poorly on your strangely shaped
                  | body. [potion of mutation]
 40914 | Shoals:3 | Gained mutation: Scrolls take you a little longer to read.
                  | [potion of mutation]
 40914 | Shoals:3 | Lost mutation: Your system is resistant to poisons. (rPois)
                  | [potion of mutation]
 40914 | Shoals:3 | Gained mutation: Your mind is acute. (Int +2) [potion of
                  | mutation]
 41447 | Vaults:2 | Lost mutation: Scrolls take you a little longer to read.
                  | [potion of mutation]
 41447 | Vaults:2 | Lost mutation: Your mind is acute. (Int +2) [potion of
                  | mutation]
 41447 | Vaults:2 | Gained mutation: Your flesh is heat resistant. (rF+)
                  | [potion of mutation]
 41447 | Vaults:2 | Gained mutation: Your flesh is very heat resistant. (rF++)
                  | [potion of mutation]
 41485 | Vaults:2 | Found a staircase to the Crypt.
 41489 | Vaults:2 | Reached XP level 22. HP: 183/203 MP: 29/29
 42068 | Vaults:3 | Noticed Froggeryz's illusion
 42068 | Vaults:3 | Killed Mara
 42464 | Vaults:3 | Found Tudorupt's Antique Armour Shoppe.
 43057 | Vaults:4 | Received a gift from Okawaru
 43225 | Vaults:4 | Identified the amulet "Dituz" {Faith rElec Str+6 Int-2
                  | Dex+2} (You found it in a treasure trove)
 43944 | Vaults:5 | Entered Level 5 of the Vaults
 44059 | Vaults:4 | Reached skill level 27 in Axes
 44423 | Vaults:4 | Received a gift from Okawaru
 44424 | Vaults:4 | Found the +2 pair of boots of the Assassin {Detection Stab+
                  | Stlth++}
 44596 | Vaults:5 | Reached XP level 23. HP: 213/213 MP: 30/30
 44840 | Vaults:5 | Noticed a golden dragon
 44973 | Vaults:5 | Killed a golden dragon
 45069 | Vaults:5 | Identified the +6 trident of Laup {pain, *Drain Str+5
                  | Int+2}
 45437 | Vaults:5 | Received a gift from Okawaru
 45673 | Vaults:5 | Got a silver rune of Zot
 46333 | Vaults:5 | Noticed an ancient lich
 46749 | Depths:1 | Entered Level 1 of the Depths
 46811 | Depths:1 | Received a gift from Okawaru
 46835 | Depths:1 | Reached XP level 24. HP: 126/226 MP: 30/30
 47131 | Depths:1 | Found a gateway to Hell.
 47188 | Depths:1 | Found a gateway to a ziggurat.
 47808 | Depths:2 | Found a shattered altar of Ashenzari.
 47912 | Depths:2 | Reached skill level 1 in Invocations
 47991 | Depths:2 | Found the +7 Spriggan's Knife {stab, EV+4 Stlth+}
 48126 | Depths:2 | Found a one-way gate leading to the halls of Pandemonium.
 48313 | Depths:2 | Received a gift from Okawaru
 48358 | Depths:2 | Found Ynikkoz's Food Shoppe.
 48468 | Depths:2 | Reached skill level 5 in Invocations
 48476 | Depths:2 | Received a gift from Okawaru
 48490 | Depths:2 | Got a pair of shimmering boots {god gift}
 48491 | Depths:2 | Identified the +0 pair of boots of the Red Skies {rElec MR+
                  | Str+2 Int+3} (Okawaru gifted it to you on level 2 of the
                  | Depths)
 49238 | Depths:3 | Identified the ring of Maagoex {rPois rF++ MR+}
 49812 | Depths:3 | Reached XP level 25. HP: 239/239 MP: 30/30
 49841 | Depths:3 | Reached skill level 10 in Evocations
 49969 | Depths:3 | Received a gift from Okawaru
 50242 | Depths:4 | Reached skill level 10 in Invocations
 50456 | Hell     | Entered the Vestibule of Hell
 50456 | Hell     | Noticed Geryon
 50472 | Hell     | Killed Geryon
 50573 | Hell     | Received a gift from Okawaru
 50578 | Hell     | Found a gateway to the freezing wastes of Cocytus.
 50625 | Hell     | Found a gateway to the Iron City of Dis.
 50832 | Hell     | Found a gateway to the ashen valley of Gehenna.
 50926 | Hell     | Found a gateway to the decaying netherworld of Tartarus.
 51074 | Depths:4 | Found a one-way gate to the infinite horrors of the Abyss.
 51173 | Depths:4 | Found a transporter.
 51631 | Depths:4 | Found Raiwal's Gadget Boutique.
 51631 | Depths:4 | Found Miaxamp's Jewellery Emporium.
 51632 | Depths:4 | Found Votepoh's Gadget Boutique.
 51701 | Depths:5 | Entered Level 5 of the Depths
 51765 | Depths:5 | Received a gift from Okawaru
 52079 | Depths:5 | Reached XP level 26. HP: 249/251 MP: 32/32
 52138 | Depths:5 | Found a gate to the Realm of Zot.
 52151 | Depths:5 | Noticed a juggernaut
 52170 | Depths:5 | Killed a juggernaut
 52186 | Depths:5 | Noticed Sojobo
 52200 | Depths:5 | Received a gift from Okawaru
 52211 | Depths:5 | Killed Sojobo
 52671 | Zot:1    | Entered Level 1 of the Realm of Zot
 52790 | Zot:1    | Reached skill level 15 in Invocations
 53237 | Zot:1    | Received a gift from Okawaru
 53651 | Zot:2    | Reached XP level 27. HP: 262/264 MP: 35/35
 53793 | Zot:2    | Noticed an orb of fire
 53798 | Zot:2    | Gained mutation: Potions are less effective at restoring
                  | your health. [an orb of fire]
 53804 | Zot:2    | Gained mutation: You are frail. (-10% HP) [an orb of fire]
 53813 | Zot:2    | Killed an orb of fire
 53813 | Zot:2    | Received a gift from Okawaru
 54536 | Zot:3    | Reached skill level 15 in Evocations
 55554 | Zot:4    | Received a gift from Okawaru
 55671 | Zot:4    | Identified Sif Muna's Almanac of Moulding and the Frostbite
 56076 | Zot:5    | Entered Level 5 of the Realm of Zot
 56879 | Zot:5    | Noticed an ancient lich
 56915 | Zot:5    | Killed an ancient lich
 56959 | Zot:5    | Noticed an orb of fire
 56960 | Zot:5    | Gained mutation: Your magical capacity is low. (-10% MP)
                  | [an orb of fire]
 56974 | Zot:5    | Gained mutation: Your mind is acute. (Int +2) [an orb of
                  | fire]
 56978 | Zot:5    | Gained mutation: You tend to lose your temper in combat.
                  | [an orb of fire]
 56986 | Zot:5    | Killed an orb of fire
 56986 | Zot:5    | Received a gift from Okawaru
 57010 | Zot:5    | Noticed an ancient lich
 57015 | Zot:5    | Noticed an ancient lich
 57029 | Zot:5    | Noticed an ancient lich
 57037 | Zot:5    | Killed an ancient lich
 57037 | Zot:5    | Noticed an ancient lich
 57252 | Zot:5    | Noticed an ancient lich
 57259 | Zot:5    | Killed an ancient lich
 57485 | Zot:5    | Noticed an ancient lich
 57506 | Zot:5    | Killed an ancient lich
 57506 | Zot:5    | Noticed an orb of fire
 57513 | Zot:5    | Gained mutation: You are very frail. (-20% HP) [an orb of
                  | fire]
 57518 | Zot:5    | Killed an orb of fire
 57582 | Zot:5    | Killed an ancient lich
 57671 | Zot:5    | Noticed an orb of fire
 57988 | Zot:5    | Killed an ancient lich
 57988 | Zot:5    | Received a gift from Okawaru
 58116 | Zot:5    | Noticed an ancient lich
 58127 | Zot:5    | Reached skill level 10 in Translocations
 58132 | Zot:5    | Killed an ancient lich
 58167 | Zot:5    | Received a gift from Okawaru
 58243 | Zot:5    | Killed an orb of fire
 58261 | Zot:5    | Killed an ancient lich
 58284 | Zot:5    | Identified the Collected Works on Hexes and Poison
 58290 | Zot:5    | Got the Orb of Zot
 58380 | Zot:1    | Noticed Ravvo the pandemonium lord
 58623 | D:15     | Noticed Facwuuwo the pandemonium lord
 58645 | D:15     | Killed Facwuuwo the pandemonium lord
 58944 | D:$      | Escaped with the Orb!

Levels and vault maps discovered:
D:1:      minmay_arrival_jagged, layout_basic, minmay_misc_feat_cross
D:2:      layout_rooms, grunt_gozag_breadcrumbs, lemuel_coloured_pillars_altar,
          first_ration, minivault_23, minivault_27,
          minmay_misc_feat_secret_circle, minmay_misc_feat_iff
D:3:      layout_rooms
D:4:      layout_cave_pools, minmay_temple_entry_grid, serial_shops,
          kennysheep_little_box, uniq_pikel
D:5:      layout_gridville, zin_academy
D:6:      layout_loops_ring, fedhas_altar_3, serial_aquarium,
          aquarium_bridge_square [aquarium_subvault_wall,
          aquarium_subvault_bridge, aquarium_subvault_window,
          aquarium_subvault_bridge], aquarium_window_2, aquarium_window_fake,
          aquarium_view_2c, aquarium_view_2f, aquarium_balcony_double_1,
          minmay_misc_feat_room
D:7:      layout_basic, enter_bailey_2, serial_co_window_serial,
          co_window_corner_a, co_window_corner_a, co_window_paths_b,
          co_window_of_opportunity_a, co_window_paths_a, co_window_paths_a,
          co_window_paths_a, co_window_corner_b, co_window_corner_ca,
          co_window_unsneaky_path_a, co_window_corner_b, co_window_2corner,
          co_window_4corner_a, co_window_4corner_b, glass_columns_a,
          glass_columns_a, glass_columns_b, glass_columns_a, glass_columns_a,
          the_bakery, uniq_joseph
D:8:      minmay_evil_eye, layout_gridville, david_lair_generic,
          nicolae_dithmenos_through_a_glass_darkly, uniq_grum, uniq_harold
D:9:      layout_roguey, serial_glass, glass_columns_a, glass_columns_a
D:10:     layout_basic, zombieorc2_lemuel, basic_altar
D:11:     layout_rooms, gammafunk_ghost_cemetery, enter_trove_0, serial_shops,
          shop, uniq_fannar
D:12:     layout_long_grid
D:13:     layout_cave_pools, fake_guardian_serpent_vault
D:14:     layout_roguey, david_vaults_3, solitary_fountain,
          kennysheep_generic_room_10
D:15:     grunt_enter_depths_magical_seal, layout_rooms, abandoned_shop,
          serial_shops, nicolae_shop_crystal, columned_hall_lemuel,
          kennysheep_flooded_box, moated_statue
Temple:   dpeg_five_rooms_temple
Lair:1:   layout_regular_city, grunt_megastairs_2
Lair:2:   layout_chaotic_city, nicolae_spider_entry_non_spiders,
          ebering_ghost_disaster_area, chequers_serial_rivers_small_a,
          lemuel_fruit_tree, uniq_gastronok
Lair:3:   layout_concentric_octagons, minmay_shoals_entry_lonely_mermaid,
          grunt_megastairs_3
Lair:4:   layout_cave_pods
Lair:5:   layout_long_grid, infiniplex_staircase_pool, uniq_urug
Shoals:1: layout_shoals, gammafunk_ghost_grave
Shoals:2: layout_shoals, uniq_ilsuiw, uniq_roxanne
Shoals:3: layout_shoals, gammafunk_ghost_grave, nicolae_shoals_seven_spires,
          yaktaur_hedge
Shoals:4: shoals_end_grunt_ice, layout_shoals, nicolae_shoals_circle_sea_wall
Spider:1: layout_spider_delve
Spider:2: layout_spider_delve
Spider:3: nicolae_spider_mines_1, nicolae_spider_cling_halls, uniq_arachne,
          uniq_bai_suzhen
Spider:4: spider_rune_water
Orc:1:    layout_diamond_mine
Orc:2:    pubby_orc_utopia, serial_shops
Elf:1:    eino_elf_arrival_shootout, layout_onion_city,
          hangedman_elven_crosses_minicolossus, minmay_shoptagon, uniq_aizul,
          uniq_kirke, uniq_louise
Elf:2:    layout_gridlike, serial_shops, shop_scrolls, billiards_dpeg,
          uniq_donald
Elf:3:    minmay_elf_hall, layout_geoelf_octagon, serial_shops, bzr_in_the_mist,
          nicolae_shop_behind_doors, minmay_crystal_room, minivault_4
Vaults:1: st_more_cells, hangedman_vaults_corner, vaults_room_ringed_pool,
          nicolae_vaults_network_barrier, vaults_room_grunt_arrival_ludios,
          vaults_mumra_hexcomb, nicolae_vaults_network_square, vaults_mumra_hex,
          nicolae_vaults_little_squares_4, ontoclasm_vaults_ring_large,
          layout_vaults_omnibox
Vaults:2: v_misc_14, ontoclasm_vaults_ring_small, blue_anna_dwarven_crypt,
          ontoclasm_vaults_ring_small, v_rooms_5, vaults_room_fancy_cross,
          v_misc_17, vaults_room_door_hall, v_alt_pattern_6,
          ontoclasm_vaults_eye, nicolae_vaults_little_squares_5,
          vaults_dpeg_hooks, layout_vaults_big_cross, uniq_xtahua
Vaults:3: v_misc_3, nicolae_vaults_gold_heap, nicolae_vaults_network_star,
          vaults_room_boxed, nicolae_vaults_yaktaur_gun_rack,
          vaults_mumra_minichess, nicolae_vaults_mini_display_case,
          layout_vaults_chaotic_city, serial_shops, shop, uniq_mara
Vaults:4: hangedman_vaults_river_flow, nicolae_vaults_theta, kb_rosetta,
          hangedman_vaults_capsules, ontoclasm_vaults_twist,
          grunt_vaults_hallway_short, hangedman_vaults_slice,
          layout_vaults_omnigrid, mu_enter_wizlab_6
Vaults:5
Depths:1: layout_roguey, enter_ziggurat_a, hell_entry, minmay_misc_feat_tower,
          kennysheep_decorative_pillar, lemuel_flamethrower_2
Depths:2: kennysheep_ogre_elephant_herders, layout_long_grid,
          serial_co_window_serial, co_window_of_opportunity_a,
          co_window_paths_b, co_window_paths_a, co_window_paths_b,
          co_window_paths_a, co_window_cross_1, co_window_corner_a,
          co_window_paths_a, co_window_of_opportunity_a, co_window_broadway_b,
          co_window_corner_cb, co_window_of_opportunity_c, glass_columns_a,
          glass_columns_b, glass_columns_c, serial_shops,
          nicolae_shop_statue_plus, hell_entry, ashenzari_altar_1, pan_entry,
          laboratory
Depths:3: minmay_the_grid_triangle_9x9_rhombus_thin_mashed
          [minmay_the_grid_triangle_9x9_semitri,
          minmay_the_grid_triangle_9x9_prize_schism,
          minmay_the_grid_triangle_9x9_sprig,
          minmay_the_grid_triangle_9x9_odd_lines], layout_cave_pools,
          rand_demon_pan_entry_7, hell_entry, minmay_fountain_box,
          minmay_staircase_statues_hall_small
Depths:4: gammafunk_jiyva_shrine, layout_gridlike, grunt_mini_vestibule,
          pan_entry, abyss_entry, chequers_serial_rivers_micro_c,
          minmay_shop_grove, grunt_megastairs_4, serial_bayou_shore_b,
          infiniplex_staircase_zigzag_5, serial_bayou_shore_b
Depths:5: grunt_runaround [grunt_runaround_doors_1, grunt_runaround_doors_2,
          grunt_runaround_doors_3, grunt_runaround_doors_4,
          grunt_runaround_zot], serial_shops, hell_entry, uniq_sojobo
Hell
Zot:1:    layout_gridlike
Zot:2:    layout_concentric_octagons, gammafunk_ghost_necromancy,
          hangedman_zot_decor_tridents, lemuel_elevator
Zot:3:    layout_concentric_octagons
Zot:4:    layout_gridlike
Zot:5:    layout_basic

Skill      XL: |  1  2  3  4  5  6  7  8  9 10 11 12 13 14 15 16 17 18 19 20 21 22 23 24 25 26 27 |
---------------+----------------------------------------------------------------------------------+-----
Stealth        | 2 |  2.2
Axes           | 5 6 9 10 13 16 17 18 21 22 23 25 26 27 | 27.0
Armour         | 1 4 7 10 12 13 15 16 17 18 20 | 20.5
Spellcasting   | 3 5 8 |  8.8
Fighting       | 11 13 15 16 18 19 20 22 23 24 26 | 26.7
Throwing       | 1 |  1.0
Charms         | 7 |  7.4
Evocations     | 6 7 9 12 14 17 | 17.6
Translocations | 6 7 10 | 10.7
Dodging        | 4 9 12 13 14 | 14.0
Invocations    | 8 13 16 18 | 18.0

Action                   |  1- 3 |  4- 6 |  7- 9 | 10-12 | 13-15 | 16-18 | 19-21 | 22-24 | 25-27 || total
-------------------------+-------+-------+-------+-------+-------+-------+-------+-------+-------++-------
Melee: Hand axe          |   132 |   278 |   511 |   580 |   301 |       |       |       |       ||  1802
       Battleaxe         |       |       |       |       |   758 |   414 |       |       |       ||  1172
       Bite              |       |       |       |       |    99 |   129 |   138 |       |       ||   366
       Unarmed           |       |       |       |       |     2 |       |       |       |       ||     2
       Executioner's axe |       |       |       |       |       |   656 |  1265 |  1030 |  1619 ||  4570
       Halberd           |       |       |       |       |       |    21 |       |       |       ||    21
Throw: Dart              |       |    12 |     5 |    27 |       |       |       |       |       ||    44
       Throwing net      |       |       |       |       |       |     1 |       |       |       ||     1
Invok: Finesse           |       |       |       |       |       |       |       |       |     4 ||     4
Evoke: Wand              |       |       |       |     3 |    30 |     3 |    10 |     5 |       ||    51
       Lightning rod     |       |       |       |       |       |     1 |       |       |       ||     1
       Horn of Geryon    |       |       |       |       |       |       |       |       |     1 ||     1
  Use: Scroll            |       |       |     6 |     8 |    20 |    11 |    24 |    10 |    12 ||    91
       Potion            |       |       |     4 |     1 |    14 |     3 |     3 |     2 |    24 ||    51
 Stab: Sleeping          |     2 |       |       |       |       |       |       |       |       ||     2
       Confused          |       |       |       |     6 |     1 |       |       |       |       ||     7
       Held in net/web   |       |       |       |       |       |     4 |       |       |       ||     4
       Distracted        |       |       |       |       |       |     1 |       |     2 |     1 ||     4
       Paralysed         |       |       |       |       |       |       |       |     1 |       ||     1
  Eat: Chunk             |     2 |     6 |    10 |    15 |    31 |    24 |    24 |    16 |     6 ||   134
       Ration            |       |       |     2 |       |     1 |     3 |     3 |     3 |    11 ||    23
Armor: Robe              |     8 |       |       |       |       |       |       |       |       ||     8
       Scale mail        |     9 |    82 |   130 |   146 |   241 |       |       |       |       ||   608
       Skin              |       |       |    10 |       |       |       |       |       |       ||    10
       Plate armour      |       |       |       |       |    62 |  1097 |   505 |       |       ||  1664
       Crystal plate arm |       |       |       |       |       |       |   434 |   830 |  1267 ||  2531
Dodge: Dodged            |    78 |   222 |   304 |   276 |   446 |   465 |   401 |   538 |   711 ||  3441
Block: Other             |       |       |       |    27 |    45 |    64 |    68 |    58 |    92 ||   354
       Reflection        |       |       |       |       |     1 |     1 |     9 |    11 |     3 ||    25
